 Dungeon Crawl Stone Soup version 0.30-a0-161-gdd60e06945 (webtiles) character file.

Game seed: 14029044056749536611

367 qw the Chopper (level 6, -17/39 HPs)
             Began as a Gargoyle Fighter on Sept 27, 2022.
             Demolished by a two-headed ogre
             ... wielding a +0 giant club
              (21 damage)
             ... on level 4 of the Dungeon.
             The game lasted 00:01:39 (4138 turns).

qw the Chopper (Gargoyle Fighter)                   Turns: 4138, Time: 00:01:40

Health: -17/39     AC: 15    Str: 21    XL:     6   Next: 69%
Magic:  6/6        EV:  9    Int:  9    God:
Gold:   126        SH:  4    Dex:  9    Spells: 5/5 levels left

rFire   . . .      SeeInvis .    Y - +0 war axe
rCold   . . .      Faith    .    c - +0 buckler
rNeg    + . .      Spirit   .    b - +0 scale mail
rPois   inf        Reflect  .    (no helmet)
rElec   +          Harm     .    p - +0 cloak
rCorr   .          Rampage  .    h - +2 pair of gloves
Will    .....                    (no boots)
Stlth   ..........               (no amulet)
HPRegen 0.13/turn                (no ring)
MPRegen 0.10/turn                (no ring)

@: about to teleport
A: sickness immunity, AC +4, negative energy resistance 1, electricity
resistance, torment resistance 1, petrification resistance
a: no special abilities


You were on level 4 of the Dungeon.
You visited 1 branch of the dungeon, and saw 4 of its levels.
You also visited: Sewer.

You collected 126 gold pieces.


Innate Abilities, Weirdness & Mutations

You are immune to sickness and miasma.
Your stone body is resilient. (AC +4)
You are immune to poison.
You resist negative energy. (rN+)
You are resistant to electric shocks. (rElec)
You are resistant to unholy torment.
You are immune to petrification.


   Skills:
 - Level 4.6 Fighting
 + Level 5.2 Axes
 - Level 1.1 Throwing
 - Level 3.2 Armour
 - Level 1.0 Dodging
 - Level 3.2 Shields


You had 5 spell levels left.
You didn't know any spells.
Your spell library was empty.

Inventory:

Hand Weapons
 o - a +0 vampiric whip
 Y - a +0 war axe (weapon)
Armour
 b - a +0 scale mail (worn)
 c - a +0 buckler (worn)
 h - a +2 pair of gloves (worn)
 p - a +0 cloak (worn)
Scrolls
 a - a scroll of identify
Potions
 d - 5 potions of might
 e - 2 potions of curing
 f - a potion of haste
 g - a potion of cancellation
 i - a potion of heal wounds {unknown}
 j - a potion of lignification
 k - a potion of degeneration {unknown}
 m - a potion of ambrosia {unknown}

Dungeon Overview and Level Annotations

Branches:
Dungeon (4/15)              Sewer (visited)
 Temple: D:4-7

Altars:

Annotations:
D:3 1 runed translucent door, qw's ghost, amateur GrFi


Message History

Items here: %% )).
You open the door.
A gnoll, a necrophage, a goblin, an adder and a two-headed ogre come into view.
The gnoll shouts!
The goblin shouts!
The adder hisses angrily.
The two-headed ogre shouts in stereo!
Found 20 gold pieces and a scroll labelled OCEFAEM CIQAR.
You block the adder's attack. The gnoll hits you but does no damage.
There is an open door here.
You barely miss the adder. The adder bites you but does no damage.
The gnoll hits you but does no damage. The adder bites you but does no damage.
You miss the adder. You hit the goblin. The adder bites you but does no damage.
The gnoll hits you but does no damage. The goblin hits you but does no damage.
You barely miss the goblin.
The goblin is severely wounded.
You closely miss the adder. The adder completely misses you.
The gnoll hits you from afar with a +0 spear.
You block the goblin's attack.
You closely miss the goblin.
The goblin is severely wounded.
You closely miss the necrophage. You slash the two-headed ogre!
The necrophage hits you.
The gnoll hits you from afar with a +0 spear!
The goblin barely misses you. The gnoll hits you but does no damage.
The two-headed ogre hits you with a +0 giant club! x2
The necrophage barely misses you. The goblin hits you but does no damage.
4137 ||| READING scroll of teleportation.
As you read the scroll of teleportation, it crumbles to dust.
You feel strangely unstable. You block the necrophage's attack.
The goblin barely misses you. The gnoll barely misses you.
You closely miss the goblin.
The goblin is severely wounded.
You barely miss the necrophage.
You hit the two-headed ogre but do no damage.
The two-headed ogre hits you with a +0 giant club!!
Ouch! That really hurt!
You die...

#. .. .# #. ##.
#.## #.. ..#
#.#########.##### .
#.#n.....?#.#...#..
#.@Og....$#........
#.#gS....$#..).)...
#.#########..<.....
#..#.....).........
##.#.....#.........
#.#######.##...#..
#..#...#....##.# .
#..##.##.......#
#...#)#..#####....


You could see a two-headed ogre, a necrophage, a gnoll, an adder and a goblin.

Vanquished Creatures
  Pargi (Sewer)
  A jelly (D:2)
  4 gnolls (D:3)
  11 adders
  2 worms (D:2)
  3 dart slugs
  An orc (D:4)
  8 endoplasms
  3 giant cockroaches
  11 goblins
  8 hobgoblins
  6 jackals
  7 kobolds
  3 quokkas
  7 ball pythons
  9 bats
  10 frilled lizards
  4 rats
99 creatures vanquished.

Notes
Turn   | Place    | Note
-------+----------+-------------------------------------------
     0 | D:1      | qw the Gargoyle Fighter began the quest for the Orb.
     0 | D:1      | Reached XP level 1. HP: 14/14 MP: 1/1
     0 | D:1      | 0 ||| qw: Version: 0.2-a-10-g37ed214
     0 | D:1      | 0 ||| qw: Game counter: 631
     0 | D:1      | 0 ||| qw: Always use a shield: true
     0 | D:1      | 0 ||| qw: God list: Okawaru
     0 | D:1      | 0 ||| qw: Allow faded altars: false
     0 | D:1      | 0 ||| qw: Do Orc after D:15 true
     0 | D:1      | 0 ||| qw: Do second Lair branch before Depths: true
     0 | D:1      | 0 ||| qw: Lair rune preference: random
     0 | D:1      | 0 ||| qw: Plans: Normal, Zot:1-4, God:TSO, Crypt, Tomb,
                  | Pan, Slime:5, Hells, Abyss, Orb
     0 | D:1      | 0 ||| PLANNING D:1-11
    12 | D:1      | 12 ||| Stepping ~*~*~tactically~*~*~ (stealth).
    13 | D:1      | 13 ||| Stepping ~*~*~tactically~*~*~ (stealth).
    21 | D:1      | 21 ||| Stepping ~*~*~tactically~*~*~ (stealth).
    22 | D:1      | 22 ||| Stepping ~*~*~tactically~*~*~ (stealth).
    33 | D:1      | 33 ||| Stepping ~*~*~tactically~*~*~ (stealth).
    42 | D:1      | Reached skill level 2 in Axes
   131 | D:1      | Reached XP level 2. HP: 18/19 MP: 2/2
   230 | D:1      | 230 ||| Stepping ~*~*~tactically~*~*~ (stealth).
   232 | D:1      | 232 ||| Stepping ~*~*~tactically~*~*~ (stealth).
   238 | D:1      | 238 ||| Stepping ~*~*~tactically~*~*~ (stealth).
   252 | D:1      | 252 ||| Stepping ~*~*~tactically~*~*~ (stealth).
   546 | D:1      | 546 ||| DROPPING +0 club.
   783 | D:1      | Reached skill level 3 in Axes
   787 | D:1      | 787 ||| Stepping ~*~*~tactically~*~*~ (stealth).
   788 | D:1      | 788 ||| Stepping ~*~*~tactically~*~*~ (stealth).
   796 | D:1      | Reached XP level 3. HP: 12/23 MP: 3/3
   962 | D:1      | Found a faded altar of an unknown god.
   980 | D:1      | 980 ||| UPGRADING to +0 pair of gloves.
   985 | D:1      | 985 ||| READING 2 scrolls labelled LAENEM MUPN.
   986 | D:1      | 986 ||| READING scroll labelled ZYLOMPO NUTONT.
  1181 | D:2      | 1181 ||| Stepping ~*~*~tactically~*~*~ (stealth).
  1357 | D:2      | 1357 ||| Stepping ~*~*~tactically~*~*~ (hiding).
  1358 | D:2      | 1358 ||| Stepping ~*~*~tactically~*~*~ (hiding).
  1498 | D:2      | Reached XP level 4. HP: 28/28 MP: 4/4
  1635 | D:2      | 1635 ||| Stepping ~*~*~tactically~*~*~ (stealth).
  1637 | D:2      | 1637 ||| Stepping ~*~*~tactically~*~*~ (stealth).
  1672 | D:2      | 1672 ||| DROPPING +0 mace.
  1800 | D:2      | 1800 ||| Stepping ~*~*~tactically~*~*~ (stealth).
  1819 | D:2      | Reached skill level 4 in Axes
  1822 | D:2      | 1822 ||| Stepping ~*~*~tactically~*~*~ (stealth).
  1823 | D:2      | 1823 ||| Stepping ~*~*~tactically~*~*~ (stealth).
  1824 | D:2      | 1824 ||| Stepping ~*~*~tactically~*~*~ (stealth).
  1839 | D:2      | 1839 ||| Stepping ~*~*~tactically~*~*~ (stealth).
  2113 | D:2      | 2113 ||| Stepping ~*~*~tactically~*~*~ (hiding).
  2245 | D:2      | 2245 ||| Stepping ~*~*~tactically~*~*~ (stealth).
  2257 | D:2      | Reached XP level 5. HP: 21/32 MP: 5/5
  2299 | D:2      | 2299 ||| FLEEEEING.
  2300 | D:2      | 2300 ||| FLEEEEING.
  2302 | D:2      | 2302 ||| FLEEEEING.
  2312 | D:2      | 2312 ||| FLEEEEING.
  2318 | D:2      | 2318 ||| FLEEEEING.
  2319 | D:2      | 2319 ||| FLEEEEING.
  2320 | D:2      | 2320 ||| FLEEEEING.
  2321 | D:2      | 2321 ||| FLEEEEING.
  2322 | D:2      | 2322 ||| FLEEEEING.
  2323 | D:2      | 2323 ||| FLEEEEING.
  2324 | D:2      | 2324 ||| STAIRDANCE
  2365 | D:1      | 2365 ||| UPGRADING to +0 cloak.
  2370 | D:1      | 2370 ||| READING 2 scrolls labelled JANWUM QIUT.
  2371 | D:1      | 2371 ||| READING scroll labelled WATHOE RAOTOCUY.
  2372 | D:1      | 2372 ||| READING 2 scrolls labelled ESOIHI ADAB.
  2425 | D:1      | 2425 ||| READING scroll labelled GUDYIM SUFOWN.
  2426 | D:1      | 2426 ||| READING scroll labelled YCVILI LUAWER.
  2427 | D:1      | 2427 ||| READING scroll labelled AHOEXU GANIHAU.
  2428 | D:1      | 2428 ||| DRINKING 3 smoky inky potions.
  2429 | D:1      | 2429 ||| READING 3 scrolls of identify.
  2429 | D:1      | 2429 ||| IDENTIFYING pink potion
  2430 | D:1      | 2430 ||| READING 2 scrolls of identify.
  2430 | D:1      | 2430 ||| IDENTIFYING puce potion
  2431 | D:1      | 2431 ||| DROPPING scroll of noise.
  2432 | D:1      | 2432 ||| DROPPING scroll of torment.
  2433 | D:1      | 2433 ||| DROPPING 2 potions of magic.
  2463 | D:2      | 2463 ||| Stepping ~*~*~tactically~*~*~ (stealth).
  2773 | D:2      | 2773 ||| READING scroll labelled HIESSY POYRPHI.
  2777 | D:2      | 2777 ||| DRINKING 2 red potions.
  2816 | D:2      | 2816 ||| READING 2 scrolls of identify.
  2816 | D:2      | 2816 ||| IDENTIFYING yellow potion
  2817 | D:2      | 2817 ||| DROPPING potion of brilliance.
  2850 | D:3      | 2850 ||| PLANNING SEWER
  2862 | D:3      | Reached skill level 5 in Axes
  2862 | D:3      | 2862 ||| FLEEEEING.
  2863 | D:3      | 2863 ||| STAIRDANCE
  2917 | D:3      | 2917 ||| Stepping ~*~*~tactically~*~*~ (stealth).
  2918 | D:3      | 2918 ||| Stepping ~*~*~tactically~*~*~ (stealth).
  2922 | D:3      | 2922 ||| Stepping ~*~*~tactically~*~*~ (stealth).
  2941 | D:3      | Found a runed translucent door.
  2942 | D:3      | Noticed qw's ghost (amateur GrFi)
  2961 | D:3      | 2961 ||| Stepping ~*~*~tactically~*~*~ (stealth).
  3063 | D:3      | Found a glowing drain.
  3071 | D:3      | 3071 ||| READING scroll labelled MELOUN TURANYO.
  3072 | D:3      | 3072 ||| READING scroll labelled KETOXZI UQISCHE.
  3085 | Sewer    | Entered a sewer
  3089 | Sewer    | 3089 ||| Stepping ~*~*~tactically~*~*~ (water).
  3118 | Sewer    | Reached skill level 1 in Throwing
  3137 | Sewer    | 3137 ||| READING scroll of enchant armour.
  3137 | Sewer    | 3137 ||| ENCHANTING +0 pair of gloves.
  3145 | Sewer    | 3145 ||| READING scroll of enchant armour.
  3145 | Sewer    | 3145 ||| ENCHANTING +1 pair of gloves.
  3161 | Sewer    | Noticed Pargi
  3181 | Sewer    | HP: 8/32 [Pargi (3)]
  3187 | Sewer    | HP: 6/32 [Pargi (3)]
  3191 | Sewer    | HP: 2/32 [Pargi (2)]
  3196 | Sewer    | Killed Pargi
  3197 | Sewer    | Reached XP level 6. HP: 1/39 MP: 6/6
  3497 | Sewer    | 3497 ||| Stepping ~*~*~tactically~*~*~ (water).
  3558 | Sewer    | 3558 ||| READING scroll labelled CAZYOHIEHE.
  3559 | Sewer    | 3559 ||| DRINKING 2 amethyst potions.
  3579 | D:3      | 3579 ||| PLANNING D:1-11
  3643 | D:3      | 3643 ||| Stepping ~*~*~tactically~*~*~ (stealth).
  3653 | D:3      | 3653 ||| Stepping ~*~*~tactically~*~*~ (stealth).
  3656 | D:3      | 3656 ||| Stepping ~*~*~tactically~*~*~ (stealth).
  3679 | D:3      | Reached skill level 1 in Dodging
  4131 | D:4      | Noticed a two-headed ogre
  4136 | D:4      | HP: 3/39 [two-headed ogre/+0 giant club (12)]
  4137 | D:4      | 4137 ||| READING scroll of teleportation.
  4138 | D:4      | Demolished by a two-headed ogre

Levels and vault maps discovered:
D:1:      reono_arrival_forest_river, layout_loops_ring,
          hellmonk_ecumenical_altar_prayer_group
D:2:      layout_basic, minmay_joined_circles
D:3:      layout_rooms, portal_sewer_entry_f, gammafunk_ghost_grave
D:4:      layout_rooms, nemelex_altar_shiori, elyvilon_altar_4, temple_statues,
          chequers_serial_rivers_micro_b, minmay_divided_ellipse, uniq_pikel

Skill      XL: |  1  2  3  4  5  6 |
---------------+-------------------+-----
Axes           | 2 3 4 5 |  5.2
Throwing       | 1 |  1.1
Fighting       | 4 |  4.6
Dodging        | 1 |  1.0
Armour         | |  3.2
Shields        | |  3.2

Action                   |  1- 3 |  4- 6 || total
-------------------------+-------+-------++-------
Melee: War axe           |   112 |   240 ||   352
Throw: Javelin           |       |     4 ||     4
  Use: Scroll            |     2 |    16 ||    18
       Potion            |       |     3 ||     3
Armor: Scale mail        |    42 |   178 ||   220
Dodge: Dodged            |    52 |   132 ||   184
Block: Buckler           |    21 |    46 ||    67

Table legend:
 A = Non-vault XP
 B = Vault XP
 C = Vault XP percentage of total XP
 D = Non-vault monster count
 E = Vault monster count
 F = Vault count percentage of total count
                 A         B        C        D         E       F
            +---------+---------+-------+---------+---------+-------
      Total |     243 |     282 |  53.7 |      63 |      36 |  36.4
            +---------+---------+-------+---------+---------+-------
        D:1 |      30 |       5 |  14.3 |      16 |       3 |  15.8
        D:2 |      76 |     113 |  59.8 |      22 |      18 |  45.0
        D:3 |     134 |       8 |   5.6 |      24 |       4 |  14.3
        D:4 |       3 |       7 |  70.0 |       1 |       4 |  80.0
      Sewer |       0 |     149 | 100.0 |       0 |       7 | 100.0
            +---------+---------+-------+---------+---------+-------
